 Dungeon Crawl Stone Soup version 0.28-a0-425-gd0eccab798 (webtiles) character file.

Game seed: 9433873911685559126

33 siradein the Skirmisher (level 3, 27/39 HPs)
             Began as an Ogre Cinder Acolyte on Sept 10, 2021.
             Was a High Priest of Ignis.
             Quit the game on level 1 of the Dungeon.
             The game lasted 00:02:03 (1343 turns).

siradein the Skirmisher (Ogre Cinder Acolyte)       Turns: 1343, Time: 00:02:04

Health: 27/39      AC:  3    Str: 18    XL:     3   Next: 29%
Magic:  6/6        EV:  9    Int: 16    God:    Ignis [*****.]
Gold:   8          SH:  0    Dex:  4    Spells: 4/6 levels left

rFire   + . .      SeeInvis .   a - -1 mace (flame)
rCold   . . .      Faith    .   (no shield)
rNeg    . . .      Spirit   .   b - +0 robe
rPois   .          Reflect  .   (helmet restricted)
rElec   .          Harm     .   (no cloak)
rCorr   .          Rampage  .   (gloves unavailable)
Will    .....                   (boots unavailable)
Stlth   +.........              (no amulet)
HPRegen 0.13/turn               (no ring)
MPRegen 0.10/turn               (no ring)

@: no status effects
A: large, unfitting armour, tough skin 1
a: Renounce Religion, Sea of Fire, Foxfire Swarm, Rising Flame


You were on level 1 of the Dungeon.
You worshipped Ignis.
Ignis was extremely pleased with you.
You visited 1 branch of the dungeon, and saw 1 of its levels.

You collected 8 gold pieces.

Inventory:

Hand Weapons
 a - a -1 mace of flaming (weapon)
Armour
 b - a +0 robe (worn)
Scrolls
 d - a scroll of teleportation {unknown}
 e - a scroll of enchant armour {unknown}
 f - a scroll of amnesia {unknown}
 g - a scroll of identify {unknown}
 i - a scroll of noise {unknown}
Potions
 c - a potion of berserk rage {unknown}
 h - a potion of haste {unknown}


   Skills:
 - Level 4.0 Fighting
 + Level 3.1 Maces & Flails
 + Level 2.2 Spellcasting
 + Level 3.1 Fire Magic


You had 4 spell levels left.
You knew the following spells:

 Your Spells              Type           Power      Damage    Failure   Level
a - Scorch                Fire           22%        2d6       9%          2

Your spell library contained the following spells:

 Spells                   Type           Power      Damage    Failure   Level


Dungeon Overview and Level Annotations

Branches:
Dungeon (1/15)

Altars:


Innate Abilities, Weirdness & Mutations

You are too large for most types of armour.
You have tough skin. (AC +1)


Message History

There is an open door here.
Key pressed, stopping explore.
As you open the door, it creaks loudly!
There is an open door here.
You open the large door.
A goblin comes into view. It is wielding a +0 club.
The goblin moves out of view.
Found 19 stones, 13 arrows and 16 gold pieces.
There is a large open door here.
A goblin is nearby!
A goblin is nearby!
A goblin is nearby!
A goblin is nearby!
A goblin is nearby!
A bat comes into view.
The goblin barely misses you.
There is a large open door here.
You closely miss the goblin. The goblin hits you but does no damage.
The bat hits you but does no damage.
You barely miss the goblin. The bat closely misses you.
The bat hits you but does no damage. The goblin hits you with a +0 club.
You barely miss the goblin. The bat hits you but does no damage.
The bat hits you. The bat closely misses you.
The goblin hits you with a +0 club.
You closely miss the goblin. The bat hits you but does no damage.
The bat barely misses you. The goblin hits you but does no damage.
The goblin hits you with a +0 club.
You miss the goblin. The bat closely misses you.
The goblin hits you with a +0 club.
You miss the goblin. The bat hits you but does no damage.
The goblin barely misses you.
You miss the goblin. The bat closely misses you.
The goblin hits you with a +0 club.
You barely miss the goblin. The bat closely misses you.
The goblin closely misses you. The goblin hits you with a +0 club.
You closely miss the goblin. The bat hits you. The goblin barely misses you.
You hit the goblin. You burn the goblin.
You kill the goblin!
The bat barely misses you. The bat hits you but does no damage.
Are you sure you want to abandon this character and quit the game? (Confirm with "yes".)

......#
#..........#.......####.
......#
#........)..............
#.........#.####...####.
#.........#..###^..# #.
#.........'........# #.
#.........##..###..####'
#.........###.###..##...
#######'### #..##...'...
#@# ##.###.##...
#..b.....##.# #.##...
#........##.###.####+
#........##..##.# #.
#..(.....+...##.####.
#...$....###..#......
#........# #..#.#....
#........# #..#.#....
#....#....


You could see a bat.

Vanquished Creatures
  A dart slug (D:1)
  3 ball pythons (D:1)
  2 endoplasms (D:1)
  4 goblins (D:1)
  5 hobgoblins (D:1)
  3 jackals (D:1)
  A quokka (D:1)
  A bat (D:1)
  3 kobolds (D:1)
  3 rats (D:1)
26 creatures vanquished.

Vanquished Creatures (others)
  A frilled lizard (D:1)
1 creature vanquished.

Grand Total: 27 creatures vanquished

Notes
Turn   | Place    | Note
-------+----------+-------------------------------------------
     0 | D:1      | siradein the Ogre Cinder Acolyte began the quest for the
                  | Orb.
     0 | D:1      | Reached XP level 1. HP: 24/24 MP: 2/2
    46 | D:1      | Reached XP level 2. HP: 23/32 MP: 2/4
   839 | D:1      | Reached XP level 3. HP: 38/38 MP: 6/6
   884 | D:1      | Learned a level 2 spell: Scorch
  1343 | D:1      | Quit the game

Illustrated notes

Levels and vault maps discovered:
D:1:      shiori_arrival_oz, layout_basic

Skill      XL: |  1  2 |
---------------+-------+-----
Maces & Flails | 3 |  3.1
Fire Magic     | 3 |  3.1
Spellcasting   | 2 |  2.2
Fighting       | |  4.0

Action                   || total
-------------------------++-------
Melee: Mace              ||    72
 Cast: Scorch            ||     3
Armor: Robe              ||    27
Dodge: Dodged            ||    41

Table legend: (Time is in decaauts)
 A = Elapsed time spent in this place.
 B = Non-inter-level travel time spent in this place.
 C = Inter-level travel time spent in this place.
 D = Time resting spent in this place.
 E = Time spent auto-exploring this place.
 F = Levels seen in this place.
 G = Mean time per level.
                   A        B        C        D        E       F      G
               +--------+--------+--------+--------+--------+-----+--------+
         Total |   1360 |   1360 |      0 |      0 |   1208 |   1 | 1360.0 |
       Dungeon |   1360 |   1360 |      0 |      0 |   1208 |   1 | 1360.0 |
               +--------+--------+--------+--------+--------+-----+--------+

Top non-repeatable levels by time:
     D:1: 1360 daAuts
